Map: Ruins of Seras

Players

Ziggy - Winner!

  • Race: Terran Terran
  • League: Master

Sziky

  • Race: Zerg Zerg
  • League: Master

VOD

Have the link to the VOD?

Description

Time

  • Played on: Nov. 16, 2015, 2:49 a.m.
  • Length: 22:09
Show
View Real Time Build Order
Export as new Build Order

Ziggy Terran - Winner!

Build Orders: Reaper Expand 

Get SALT Encoding   

  12  0:01  SCV  
  13  0:13  SCV  
  14  0:18  Supply Depot  
  14  0:25  SCV  
  15  0:39  SCV  
  15  0:41  Barracks  
  16  0:45  Refinery  
  16  0:51  SCV  
  17  1:03  SCV  
  18  1:16  SCV  
  19  1:28  Reaper, Orbital Command  
  20  1:42  Command Center  
  20  1:54  SCV, Supply Depot  
  20  2:00  Reaper  
  22  2:09  SCV  
  23  2:21  SCV  
  24  2:23  Factory  
  24  2:33  SCV  
  25  2:41  Barracks Reactor  
  25  2:47  Command Center, SCV  
  26  2:55  Orbital Command  
  26  3:00  SCV  
  26  3:03  Refinery  
  27  3:12  SCV  
  28  3:23  Hellion x2  
  28  3:24  SCV  
  28  3:25  Factory  
  28  3:26  SCV  
  34  3:29  Barracks Tech Lab  
  34  3:37  SCV  
  34  3:39  Supply Depot  
  35  3:44  Hellion x2  
  39  3:49  SCV x2  
  41  4:01  SCV  
  41  4:02  SCV, Orbital Command  
  43  4:06  Hellion  
  45  4:13  SCV  
  46  4:18  SCV  
  46  4:21  Cyclone  
  46  4:23  Mag-Field Accelerator  
  50  4:26  SCV  
  50  4:29  Hellion x2  
  50  4:30  SCV  
  56  4:37  Refinery  
  56  4:38  SCV, Refinery, Supply Depot  
  57  4:41  Supply Depot  
  57  4:42  SCV x2  
  59  4:50  Hellion x2  
  63  4:53  Cyclone  
  63  4:55  Orbital Command  
  63  4:59  SCV x2  
  68  5:11  SCV x2, Hellion x2  
  74  5:18  Factory  
  74  5:19  Factory  
  74  5:21  Engineering Bay  
  74  5:23  Refinery x2  
  74  5:26  SCV x3  
  77  5:29  Cyclone  
  77  5:33  Supply Depot  
  80  5:36  Armory  
  80  5:38  SCV  
  81  5:49  SCV x2  
  77  5:50  Hellion x2  
  79  5:57  SCV  
  79  6:01  SCV  
  79  6:03  Factory Tech Lab  
  79  6:04  Factory Tech Lab, Supply Depot  
  81  6:08  SCV  
  81  6:09  SCV  
  81  6:13  Hellion x2, Cyclone  
  88  6:20  SCV x2  
  90  6:26  Cyclone x2  
  90  6:29  Missile Turret  
  90  6:31  Supply Depot x3  
  96  6:34  Terran Vehicle Weapons Level 1  
  96  6:37  Missile Turret  
  96  6:41  SCV x2, Missile Turret  
  96  6:44  Infernal Pre-Igniter  
  98  6:47  SCV  
  98  6:52  Hellion  
  98  6:53  Hellion, Cyclone  
  106  7:00  Cyclone  
  106  7:01  SCV x2, Missile Turret  
  111  7:02  SCV  
  112  7:09  Thor  
  112  7:13  SCV x2, Missile Turret  
  120  7:20  Supply Depot  
  120  7:21  Supply Depot, SCV  
  121  7:24  Hellion  
  121  7:25  Hellion  
  121  7:29  Starport  
  125  7:42  SCV, Cyclone x2  
  127  7:57  Cyclone  
  120  7:59  Hellion x2  
  120  8:00  SCV x3  
  127  8:07  Starport Reactor  
  123  8:17  Thor  
  122  8:23  SCV x3  
  122  8:25  Hellion x2, Cyclone  
  132  8:29  Command Center  
  132  8:30  Command Center  
  132  8:31  Supply Depot  
  132  8:32  Supply Depot  
  132  8:35  Liberator x2  
  132  8:37  Cyclone  
  135  8:48  Hellion x2  
  139  8:52  Supply Depot x2  
  139  8:53  Refinery  
  145  8:56  Refinery  
  140  9:04  Siege Tank x2  
  140  9:06  Supply Depot  
  140  9:08  SCV x3  
  140  9:09  Terran Vehicle Weapons Level 2  
  149  9:18  Liberator  
  149  9:19  Liberator  
  149  9:21  Missile Turret  
  149  9:22  Missile Turret  
  149  9:23  Sensor Tower  
  149  9:24  Missile Turret  
  145  9:40  Missile Turret  
  145  9:42  Missile Turret  
  145  9:43  SCV x3  
  143  9:55  Missile Turret x2  
  143  9:57  Cyclone x2  
  143  9:58  Hellion x2  
  153  10:02  Missile Turret  
  153  10:03  Missile Turret  
  155  10:07  SCV x3, Liberator x2  
  155  10:12  Cyclone  
  159  10:19  Orbital Command  
  159  10:24  Hellion x2  
  169  10:32  Cyclone  
  169  10:43  Missile Turret  
  169  10:44  Missile Turret x3  
  169  10:45  Missile Turret  
  169  10:49  Cyclone  
  175  10:50  Cyclone, Hellion x2  
  174  11:18  Missile Turret  
  174  11:19  Missile Turret  
  174  11:21  Missile Turret  
  174  11:22  Missile Turret  
  174  11:23  Missile Turret  
  174  11:24  Siege Tank x3  
  183  11:26  Hellion x2  
  187  11:34  Liberator x2  
  179  11:51  Hellion x2  
  189  11:56  Cyclone x2  
  187  12:02  Orbital Command  
  187  12:04  Refinery  
  187  12:05  Refinery  
  187  12:06  Terran Vehicle Weapons Level 3  
  187  12:18  Factory  
  187  12:22  Factory x2, Fusion Core  
  187  12:23  Starport x2  
  187  12:24  Starport  
  187  12:26  Cyclone  
  187  12:27  Hellion x2  
  165  12:45  SCV  
  165  12:46  SCV x2  
  165  12:47  Orbital Command  
  165  12:48  Cyclone x2  
  162  12:59  Cyclone  
  162  13:00  Hellion x2  
  157  13:08  Starport x2, Fusion Core  
  157  13:10  Starport  
  157  13:11  SCV x4  
  158  13:12  Liberator  
  158  13:13  Liberator  
  158  13:14  Starport Tech Lab  
  158  13:20  SCV  
  158  13:23  SCV x3  
  162  13:28  Hellion x2, Cyclone x2  
  162  13:30  Refinery  
  178  13:35  SCV x3  
  178  13:37  SCV x2  
  183  13:47  SCV  
  184  13:48  Starport Tech Lab x3  
  144  14:45  Liberator  
  144  14:46  Liberator  
  144  14:47  Cyclone x3  
  144  14:48  Hellion x2  
  153  14:59  SCV x2  
  142  15:03  Orbital Command  
  127  15:08  SCV x2  
  127  15:11  SCV x2  
  125  15:16  Hellion x2  
  129  15:23  Fusion Core  
  129  15:27  SCV x2, Starport Tech Lab  
  131  15:36  Cyclone x3  
  131  15:38  SCV x2  
  131  15:39  SCV  
  131  15:41  Terran Ship Weapons Level 1  
  134  15:51  SCV x2  
  134  15:54  SCV x2  
  138  15:57  Hellion  
  138  15:58  Hellion  
  138  15:59  Liberator  
  138  16:03  SCV x2  
  142  16:06  SCV  
  142  16:08  Cyclone x3  
  142  16:10  SCV  
  153  16:15  Battlecruiser x2, SCV x2  
  153  16:18  SCV  
  171  16:29  Hellion x2  
  171  16:31  SCV x4  
  179  16:44  Cyclone x3  
  188  16:51  Orbital Command  
  188  17:10  Command Center  
  188  17:11  Refinery  
  188  17:13  Refinery  
  188  17:15  Viking x2  
  190  17:20  Cyclone  
  190  17:21  Cyclone  
  190  17:22  Cyclone  
  195  17:28  Supply Depot x2  
  195  17:29  Supply Depot  
  195  17:42  Refinery  
  195  17:43  Refinery  
  195  17:50  Hellion x2  
  199  17:55  Battlecruiser  
  175  18:05  Cyclone x2  
  175  18:06  Cyclone  
  175  18:12  Battlecruiser  
  175  18:13  Viking  
  175  18:16  Orbital Command  
  175  18:19  Hellion  
  169  18:20  Hellion  
  169  18:25  Orbital Command  
  169  18:38  Hellion x2  
  173  18:49  Factory x2  
  173  18:51  Factory  
  173  18:52  Factory  
  173  18:56  Cyclone  
  173  18:57  Hellion x2  
  173  18:59  Cyclone  
  180  19:06  SCV x4  
  170  19:17  SCV  
  170  19:18  SCV x3  
  172  19:26  Battlecruiser x2  
  172  19:28  Hellion x2  
  188  19:41  Cyclone  
  188  19:42  Cyclone  
  194  19:59  Factory Tech Lab x2, Cyclone  
  197  20:00  Hellion  
  197  20:01  Factory Tech Lab  
  199  20:13  Orbital Command  
  199  20:17  Orbital Command  
  199  20:38  Siege Tank  
  198  20:46  Siege Tank x2  
  198  20:48  SCV x2  
  200  20:56  Siege Tank  
  200  20:57  Siege Tank  
  200  21:14  Sensor Tower  
  200  21:20  Factory Tech Lab  
Show
View Real Time Build Order
Export as new Build Order

Sziky Zerg 

Build Orders: Hatch First, Lurkers 

Get SALT Encoding   

  12  0:02  Drone  
  13  0:09  Drone  
  14  0:17  Overlord  
  14  0:36  Drone  
  14  0:37  Drone x2  
  17  0:56  Hatchery  
  16  0:59  Drone  
  16  1:03  Drone  
  18  1:19  Spawning Pool  
  18  1:20  Extractor  
  18  1:23  Drone  
  17  1:26  Drone  
  18  1:33  Overlord  
  18  2:03  Drone  
  18  2:06  Queen  
  18  2:07  Zergling x4  
  23  2:09  Zergling x2  
  23  2:10  Queen  
  25  2:18  Drone  
  25  2:20  Drone  
  27  2:23  Metabolic Boost  
  27  2:31  Drone x2  
  29  2:37  Drone  
  29  2:40  Drone  
  31  2:46  Queen  
  31  2:50  Drone  
  34  2:51  Drone  
  34  2:58  Drone  
  36  3:04  Overlord  
  36  3:21  Queen  
  36  3:24  Drone x2, Zergling x4  
  36  3:25  Drone x2  
  44  3:27  Overlord  
  44  3:40  Overlord  
  44  3:48  Hatchery, Drone x4  
  48  3:51  Drone x2  
  48  3:55  Drone x2  
  51  3:57  Drone  
  52  4:03  Queen  
  52  4:09  Zergling x4  
  55  4:10  Zergling x2  
  55  4:16  Lair  
  55  4:18  Drone x2  
  55  4:20  Extractor  
  55  4:21  Extractor  
  55  4:24  Baneling Nest  
  55  4:27  Overlord, Zergling x2  
  55  4:34  Overlord  
  55  4:35  Drone x3  
  55  4:38  Drone  
  59  4:53  Spine Crawler  
  59  4:54  Drone x2  
  59  4:55  Drone  
  61  5:01  Zergling x8  
  61  5:02  Queen  
  61  5:04  Zergling x4  
  69  5:11  Overlord x2, Extractor  
  68  5:19  Drone x2, Spire  
  69  5:25  Overlord  
  69  5:34  Drone x3  
  69  5:35  Drone  
  73  5:55  Drone x4  
  73  5:56  Drone  
  79  5:57  Drone x3  
  79  6:00  Drone x3  
  79  6:01  Drone  
  79  6:02  Drone  
  86  6:11  Zergling x14  
  78  6:16  Evolution Chamber  
  78  6:17  Evolution Chamber  
  78  6:18  Roach Warren  
  77  6:24  Extractor x2, Zergling x8  
  79  6:36  Mutalisk x3  
  79  6:37  Mutalisk x3  
  91  6:44  Zerg Missile Weapons Level 1, Zerg Ground Armor Level 1  
  91  6:48  Drone x4  
  96  6:54  Drone x3  
  96  6:59  Overlord x2  
  98  7:13  Zerg Flyer Weapons Level 1  
  98  7:14  Glial Reconstitution  
  98  7:23  Roach x2  
  98  7:24  Roach x4  
  98  7:27  Roach x2  
  114  7:36  Hatchery, Overlord x4  
  105  7:54  Mutalisk x5  
  105  7:58  Mutalisk x2  
  110  8:01  Mutalisk x2  
  110  8:03  Drone  
  110  8:04  Drone x3  
  122  8:06  Drone x2  
  120  8:21  Mutalisk x3  
  118  8:30  Drone x4  
  118  8:33  Drone x3  
  118  8:34  Drone  
  126  8:36  Drone x5  
  126  8:41  Ravager x5  
  135  8:43  Roach  
  135  8:47  Overlord x3  
  138  8:54  Roach x2  
  138  9:03  Roach x3  
  138  9:05  Extractor x2  
  138  9:06  Overlord x3  
  138  9:09  Roach  
  148  9:10  Roach x5  
  148  9:11  Roach  
  148  9:14  Roach  
  158  9:18  Zerg Missile Weapons Level 2  
  158  9:20  Roach x2  
  158  9:24  Roach x2  
  164  9:32  Roach x3  
  164  9:35  Roach x4  
  164  9:36  Roach x2  
  180  9:45  Hydralisk Den  
  183  10:07  Ravager, Roach x2  
  183  10:08  Ravager x3, Roach  
  183  10:09  Roach  
  183  10:11  Overlord x4  
  191  10:18  Overlord x2  
  191  10:21  Zerg Flyer Weapons Level 2  
  191  10:23  Zerg Ground Armor Level 2  
  191  10:24  Infestation Pit  
  190  10:39  Roach x5  
  194  10:53  Hatchery  
  193  10:57  Hydralisk x3  
  199  11:09  Hive  
  199  11:25  Hydralisk x3  
  187  11:26  Hydralisk x3  
  192  11:41  Hydralisk x2  
  186  11:49  Hydralisk x5  
  186  11:50  Hydralisk x2  
  189  12:02  Hydralisk x2  
  189  12:03  Hydralisk x3  
  199  12:14  Drone  
  200  12:21  Lurker Den  
  188  12:37  Zerg Flyer Armor Level 1  
  169  12:53  Hydralisk  
  169  12:54  Hydralisk x11  
  169  12:56  Roach x2  
  146  13:07  Ultralisk Cavern  
  146  13:08  Zerg Ground Armor Level 3, Zerg Missile Weapons Level 3  
  146  13:10  Hydralisk  
  144  13:13  Roach x7  
  144  13:14  Roach x4  
  144  13:16  Drone  
  144  13:17  Drone  
  144  13:19  Spine Crawler  
  165  13:28  Roach x4  
  173  13:39  Ravager x4  
  173  13:40  Ravager x3  
  182  13:48  Lurker x3  
  182  13:49  Lurker  
  182  13:51  Zergling x2  
  182  13:52  Drone x5  
  182  13:53  Drone  
  191  13:55  Spine Crawler  
  191  13:57  Spine Crawler  
  191  13:58  Roach  
  191  13:59  Roach x4  
  198  14:22  Chitinous Plating  
  150  14:56  Ultralisk, Zergling x2  
  150  14:59  Ultralisk x2  
  165  15:00  Ultralisk x3  
  165  15:05  Zergling x2  
  165  15:06  Zergling x12  
  149  15:09  Drone  
  149  15:11  Extractor  
  149  15:12  Extractor  
  140  15:23  Zerg Flyer Weapons Level 3  
  140  15:27  Hydralisk x4  
  140  15:28  Hydralisk x3  
  154  15:45  Hatchery, Zerg Melee Weapons Level 1, Zergling x14  
  160  15:51  Zergling x4  
  160  15:53  Hatchery  
  159  15:59  Zergling x4  
  159  16:02  Hydralisk x2  
  159  16:04  Lurker x4, Hydralisk x2  
  160  16:06  Hatchery  
  164  16:19  Overlord  
  164  16:20  Overlord x2  
  164  16:21  Corruptor x2  
  164  16:23  Corruptor  
  162  16:34  Corruptor x3  
  162  16:35  Corruptor  
  162  16:38  Corruptor  
  172  16:40  Hatchery  
  171  17:06  Extractor x2  
  161  17:23  Corruptor  
  161  17:24  Corruptor x9  
  181  17:30  Drone  
  181  17:31  Drone x2  
  181  17:33  Drone x2  
  164  17:59  Corruptor x6  
  164  18:00  Zerg Flyer Armor Level 2  
  164  18:04  Corruptor  
  119  18:21  Zergling x20  
  119  18:22  Zergling x20  
  135  18:28  Zergling x8  
  135  18:32  Hydralisk x2  
  143  18:34  Hydralisk  
  143  18:36  Drone x2  
  147  18:42  Hydralisk  
  147  18:43  Hydralisk x2  
  147  18:46  Hydralisk  
  153  18:50  Hydralisk  
  153  18:54  Hydralisk x2  
  157  19:00  Hydralisk x2  
  158  19:03  Hydralisk  
  157  19:11  Hydralisk  
  157  19:12  Hydralisk x2  
  156  19:17  Hydralisk x2  
  156  19:20  Hydralisk  
  156  19:25  Hydralisk  
  156  19:28  Drone x3  
  156  19:44  Hydralisk  
  156  19:45  Hydralisk x4  
  158  19:51  Viper x2  
  168  20:00  Extractor  
  168  20:02  Ultralisk  
  168  20:03  Extractor  
  168  20:07  Hydralisk x2  
  172  20:09  Hydralisk  
  172  20:13  Zergling x2  
  172  20:14  Zergling x10  
  183  20:16  Drone  
  183  20:17  Drone  
  184  20:31  Muscular Augments  
  182  20:44  Zergling x8  
  182  20:45  Zergling x2  
  182  20:46  Hydralisk x4  
  182  20:47  Hydralisk x3  
  197  21:04  Hydralisk  
  199  21:12  Hatchery  
Tags
 
Add a new tag
Caveats
  • Supply blocks, unpowered buildings, or Contaminate may cause inaccurate times.
  • Supply counts are checked every 10 seconds.